 Dungeon Crawl Stone Soup version 0.29-a0-582-ge82337ba6a (webtiles) character file.

Game seed: 4956244040361393479

25413 dolemite99 the Cleaver (level 13, 0/183 HPs)
             Began as a Hill Orc Gladiator on June 15, 2022.
             Was a Priest of Beogh.
             Succumbed to an orange demon's poison
             ... on level 3 of the Lair of Beasts.
             The game lasted 00:24:37 (22393 turns).

dolemite99 the Cleaver (Hill Orc Gladiator)        Turns: 22393, Time: 00:24:37

Health: 0/183      AC: 27    Str: 28    XL:     13   Next: 19%
Magic:  23/23      EV:  8    Int:  8    God:    Beogh [***...]
Gold:   242        SH:  7    Dex: 14    Spells: 12/12 levels left

rFire   + . .      SeeInvis .   a - +2 war axe (vorpal)
rCold   + . .      Faith    +   z - +2 buckler
rNeg    . . .      Spirit   .   n - +7 plate armour of Nemelex Xobeh {Dex+2}
rPois   +          Reflect  .   G - +2 helmet
rElec   +          Harm     .   A - scarf {shadows}
rCorr   +          Rampage  .   i - +1 pair of gloves
Will    +....                   v - +0 pair of boots
Stlth   ..........              l - amulet of faith
HPRegen 0.40/turn               j - +6 ring of strength
MPRegen 0.18/turn               P - ring of willpower

@: mighty, berserking, lethally poisoned (0 -> -12), resistant, hasted, very
quick
A: no striking features
a: Renounce Religion, Smiting


You were on level 3 of the Lair of Beasts.
You worshipped Beogh.
Beogh was most pleased with you.
You visited 3 branches of the dungeon, and saw 15 of its levels.

You collected 1443 gold pieces.
You spent 1201 gold pieces at shops.

Inventory:

Hand Weapons
 a - a +2 vorpal war axe (weapon)
 b - a +3 dire flail
 s - a +1 trident of protection
 I - the +8 demon blade "Leech" {vamp, Harm Drain rN+}
   (You found it on level 10 of the Dungeon)

   It heals its wielder for a portion of the damage dealt every time it strikes
   a living foe.
   rN:        It protects you from negative energy.
   Drain:     It drains your maximum health when unequipped.
   Harm:      It increases damage dealt and taken.
 O - a +1 dire flail of holy wrath
Missiles
 f - 2 curare-tipped darts
 o - 28 poisoned darts
 w - 3 atropa-tipped darts
 x - a throwing net
 y - 3 javelins (quivered)
Armour
 i - a +1 pair of gloves (worn)
 n - the +7 plate armour of Nemelex Xobeh (worn) {Dex+2}
   (You found it on level 3 of the Lair of Beasts)

   Dex:       It affects your dexterity (+2).
 v - a +0 pair of boots (worn)
 z - a +2 buckler (worn)
 A - a scarf of shadows (worn)
 G - a +2 helmet (worn)
Jewellery
 c - a +4 ring of protection {=R}
 j - a +6 ring of strength (left hand)
 l - an amulet of faith (around neck)
 p - an amulet of reflection
 K - a ring of ice
 P - a ring of willpower (right hand)
Wands
 k - a wand of paralysis (3)
 C - a wand of polymorph (4)
 F - a wand of digging (8)
 R - a wand of iceblast (1)
Scrolls
 g - a scroll of teleportation
 m - 2 scrolls of immolation
 q - 5 scrolls of fog
 r - 2 scrolls of blinking
Potions
 d - a potion of magic
 h - 3 potions of attraction
 t - a potion of flight {unknown}
 u - a potion of brilliance
 B - 2 potions of haste
 L - 2 potions of resistance
 Q - a potion of berserk rage
Miscellaneous
 S - a tin of tremorstones (inert)


   Skills:
 - Level 13.0 Fighting
 - Level 14.1(15.7) Axes
 - Level 8.5(11.4) Maces & Flails
 + Level 4.2(8.8) Polearms
 - Level 1.7 Throwing
 - Level 8.0 Armour
 - Level 2.4 Dodging
 - Level 4.8 Shields
 - Level 13.5 Invocations


You had 12 spell levels left.
You didn't know any spells.
Your spell library contained the following spells:

 Spells                   Type           Power      Damage    Failure   Level
 Apportation              Tloc           0%         N/A       99%         1
 Magic Dart               Conj           0%         1d3       99%         1
 Sting                    Tmut/Pois      0%         1d3       99%         1
 Call Imp                 Summ           0%         N/A       100%        2
 Ensorcelled Hibernation  Hex/Ice        0%         N/A       100%        2
 Passwall                 Tmut/Erth      0%         N/A       100%        2
 Poisonous Vapours        Pois/Air       0%         N/A       100%        2
 Gell's Gravitas          Tloc           0%         N/A       100%        3
 Lesser Beckoning         Tloc           0%         N/A       100%        3
 Mephitic Cloud           Conj/Pois/Air  0%         N/A       100%        3
 Ozocubu's Armour         Ice            0%         N/A       100%        3
 Swiftness                Air            0%         N/A       100%        3
 Teleport Other           Tloc           0%         N/A       100%        3
 Airstrike                Air            0%         N/A       100%        4
 Olgreb's Toxic Radiance  Pois           0%         N/A       100%        4
 Petrify                  Tmut/Erth      0%         N/A       100%        4
 Summon Lightning Spire   Summ/Air       0%         N/A       100%        4
 Alistair's Intoxication  Tmut/Pois      0%         N/A       100%        5
 Blade Hands              Tmut           0%         N/A       100%        5
 Fireball                 Conj/Fire      0%         3d3       100%        5
 Freezing Cloud           Conj/Ice/Air   0%         6-21      100%        5
 Irradiate                Conj/Tmut      0%         3d13      100%        5
 Lightning Bolt           Conj/Air       0%         1d11      100%        5
 Metabolic Englaciation   Hex/Ice        0%         N/A       100%        5
 Summon Forest            Summ/Tloc      0%         N/A       100%        5
 Dispersal                Tloc           0%         N/A       100%        6
 Eringya's Noxious Bog    Tmut/Pois      0%         N/A       100%        6
 Simulacrum               Ice/Necr       0%         N/A       100%        6
 Starburst                Conj/Fire      0%         6d3       100%        6
 Statue Form              Tmut/Erth      0%         N/A       100%        6
 Dragon Form              Tmut           0%         N/A       100%        7
 Ozocubu's Refrigeration  Ice            0%         4d5       100%        7
 Summon Hydra             Summ           0%         N/A       100%        7
 Ignition                 Fire           0%         3d3       100%        8
 Polar Vortex             Ice            0%         N/A       100%        9


Dungeon Overview and Level Annotations

Branches:
Dungeon (11/15)            Temple (0/1) D:4            Lair (3/6) D:11
 Shoals (1/4) Lair:2        Snake (0/4) Lair:2          Orc (0/2) D:9

Altars:
Cheibriados
Zin

Shops:
D:9 **   D:11 =

Portals:
Trove: D:11 (give 3 potions of resistance)

Annotations:
D:11 1 runed translucent door
Lair:3 Amaemon


Message History

You feel protected.
* * * LOW HITPOINT WARNING * * *
You feel extremely sick.
It was a potion of haste.
You feel yourself speed up.
* * * LOW HITPOINT WARNING * * *
You feel extremely sick. You block the cane toad's attack.
A red film seems to cover your vision as you go berserk!
You feel yourself moving faster!
You feel mighty!
* * * LOW HITPOINT WARNING * * *
You feel very sick. You block the orange demon's attack.
You hit the cane toad but do no damage.
The cane toad is heavily wounded.
You slash the bush!
* * * LOW HITPOINT WARNING * * *
You feel very sick.
The cane toad stings you but does no damage.
You slash the cane toad!
The cane toad is severely wounded.
You slash the bush!
* * * LOW HITPOINT WARNING * * *
You feel sick. The orange demon stings you from afar.
* * * LOW HITPOINT WARNING * * *
You slash the cane toad!
You kill the cane toad!
Beogh accepts your kill.
You slash the bush!
* * * LOW HITPOINT WARNING * * *
You feel sick.
Your base Polearms skill increases to level 4!
* * * LOW HITPOINT WARNING * * *
You feel very sick. You block the orange demon's attack.
The orange demon hits you but does no damage.
There is an open door, spattered with blood here.
You slash the orange demon!
The orange demon is moderately wounded.
You slash the bush!
You die...

.##......# ##......#. #........#
#........## ##.........#
#.........+..... ..
"......†..#####. ... #......†4.#
... ###.####@P# ♣♣♣♣♣ .# # #..##
♣♣♣...♣♣♣ .# ##..# ♣..(....♣ ###
#...# ##♣♣♣♣.......♣ #.###
########'.###.♣♣.......... ....##
#..........#.).......>....
.....###....<†....#.)..♣.........
....#..+..........'.†♣♣♣♣.......♣
.....#............#..♣ ♣.......♣


You could see an orange demon.

Vanquished Creatures
  Josephine (D:10)
  A boulder beetle (D:11)
  2 hydras
  Erica (D:10)
  3 spriggans
  A cyclops (D:11)
  A black mamba (Lair:3)
  A torpor snail (Lair:3)
  6 cane toads
  5 komodo dragons
  Psyche (D:9)
  A troll (D:10)
  2 polar bears (Lair:3)
  2 hornets
  3 blink frogs (Lair:1)
  2 shadows
  6 wyverns
  4 wraiths (D:10)
  A vampire (D:11)
  21 yaks
  5 vampire mosquitoes (D:11)
  A basilisk (Lair:3)
  2 steam dragons (D:7)
  Edmund (D:4)
  4 nagas (Lair:2)
  2 acid dragons
  8 water moccasins
  7 orc warriors
  2 sky beasts
  4 ogres
  An ice beast (D:7)
  2 black bears
  7 centaurs
  34 wolves
  A phantom (D:5)
  2 kobold brigands
  9 bullfrogs
  A necrophage (D:6)
  13 scorpions
  5 wights
  12 killer bees
  3 hounds
  A jelly (D:8)
  7 orc priests
  5 iguanas
  11 orc wizards
  A mummy (D:8)
  6 adders
  4 white imps
  An ufetubus (D:6)
  A worm (D:2)
  4 dart slugs
  40 orcs
  6 ball pythons
  4 bats
  5 endoplasms
  5 giant cockroaches
  2 goblins
  7 hobgoblins
  3 jackals (D:1)
  14 kobolds
  5 quokkas
  3 frilled lizards (D:1)
  4 rats
330 creatures vanquished.

Vanquished Creatures (others)
  2 ball pythons (D:3)
  A giant cockroach (D:3)
  A bush (D:11)
  27 fungi
  71 plants
102 creatures vanquished.

Grand Total: 432 creatures vanquished

Notes
Turn   | Place    | Note
-------+----------+-------------------------------------------
     0 | D:1      | dolemite99 the Hill Orc Gladiator began the quest for the
                  | Orb.
     0 | D:1      | Reached XP level 1. HP: 18/18 MP: 1/1
     4 | D:1      | You fall into a shaft and drop 1 floor!
    68 | D:2      | Reached XP level 2. HP: 23/25 MP: 2/2
   253 | D:1      | Reached skill level 5 in Axes
   543 | D:1      | Reached XP level 3. HP: 30/30 MP: 3/3
  1075 | D:2      | Found a faded altar of an unknown god.
  1153 | D:2      | Reached skill level 6 in Axes
  1715 | D:3      | Reached XP level 4. HP: 27/37 MP: 4/4
  1716 | D:3      | Became a worshipper of Beogh the Brigand
  1916 | D:3      | Found Dyhakog's Magic Scroll Emporium.
  1922 | D:3      | Bought a scroll of fog for 20 gold pieces
  1922 | D:3      | Bought a scroll of enchant armour for 75 gold pieces
  1922 | D:3      | Bought a scroll of enchant armour for 75 gold pieces
  1922 | D:3      | Bought a scroll of fog for 20 gold pieces
  2402 | D:3      | Identified a scroll of acquirement
  2402 | D:3      | Acquired 312 gold pieces
  2598 | D:4      | Reached skill level 7 in Axes
  2664 | D:3      | Bought a scroll of immolation for 35 gold pieces
  2664 | D:3      | Bought a scroll of poison for 35 gold pieces
  2720 | D:4      | Noticed an ogre
  2728 | D:4      | Killed an ogre
  2729 | D:4      | Reached skill level 8 in Axes
  2729 | D:4      | Reached XP level 5. HP: 42/42 MP: 5/5
  3051 | D:4      | Reached XP level 6. HP: 36/50 MP: 6/6
  3451 | D:4      | Noticed Edmund
  3473 | D:4      | Killed Edmund
  3474 | D:4      | Reached skill level 9 in Axes
  3740 | D:4      | Found a staircase to the Ecumenical Temple.
  3776 | D:4      | Found a glowing silver altar of Zin.
  3859 | D:4      | Reached skill level 1 in Maces & Flails
  4114 | D:5      | Entered Level 5 of the Dungeon
  4212 | D:5      | Reached XP level 7. HP: 56/56 MP: 7/7
  4736 | D:5      | Reached skill level 5 in Maces & Flails
  4970 | D:5      | Reached XP level 8. HP: 62/62 MP: 8/8
  5258 | D:6      | Reached * piety under Beogh
  5671 | D:6      | Found the +7 staff of the Meek {protect, meekguard}
  5837 | D:6      | Reached skill level 1 in Armour
  6605 | D:8      | Reached XP level 9. HP: 62/68 MP: 9/9
  6807 | D:8      | Noticed a hornet
  6819 | D:7      | Reached skill level 5 in Armour
  7195 | D:7      | Reached ** piety under Beogh
  8677 | D:8      | Reached skill level 1 in Invocations
  9086 | D:8      | Reached skill level 5 in Invocations
  9137 | D:8      | Paralysed by a hornet for 3 turns
  9152 | D:8      | Paralysed by a hornet for 3 turns
  9156 | D:8      | Killed a hornet
  9654 | D:8      | Found a snail-covered altar of Cheibriados.
  9735 | D:8      | Reached XP level 10. HP: 61/77 MP: 14/14
 10355 | D:9      | Noticed Psyche
 10359 | D:9      | Killed Psyche
 10360 | D:9      | Reached skill level 5 in Fighting
 11051 | D:9      | Found Nyriciem's Elemental Accessories.
 11063 | D:9      | Bought a wand of iceblast (2) for 84 gold pieces
 11063 | D:9      | Bought a tin of tremorstones (2/2) for 560 gold pieces
 11085 | D:9      | Found Suwn's Assorted Antiques.
 11483 | D:9      | Reached skill level 10 in Axes
 12698 | D:9      | Found a staircase to the Orcish Mines.
 12709 | D:9      | Reached skill level 11 in Axes
 12846 | D:9      | Bought a potion of might for 96 gold pieces
 12846 | D:9      | Bought a puce potion for 21 gold pieces
 12881 | D:10     | Entered Level 10 of the Dungeon
 13001 | D:10     | Found the +8 demon blade "Leech" {vamp, Harm Drain rN+}
 13351 | D:10     | Noticed Josephine
 13355 | D:10     | Killed Josephine
 13363 | D:10     | Reached XP level 11. HP: 54/95 MP: 7/17
 13753 | D:10     | Noticed Erica
 14007 | D:11     | Found Puitzuohe's Jewellery Boutique.
 14031 | D:11     | Found a portal to a secret trove of treasure.
 14200 | D:11     | Noticed a boulder beetle
 14212 | D:11     | Killed a boulder beetle
 14297 | D:11     | Found a runed translucent door.
 14310 | D:11     | Found a runed translucent door.
 14409 | D:11     | Reached skill level 10 in Invocations
 14428 | D:11     | Reached skill level 10 in Fighting
 14431 | D:11     | Noticed a five-headed hydra
 14441 | D:11     | Killed a five-headed hydra
 14459 | D:11     | Noticed a cyclops
 14479 | D:11     | Killed a cyclops
 15103 | D:10     | Killed Erica
 15501 | D:11     | Found a staircase to the Lair.
 16241 | D:9      | Bought a scroll of blinking for 180 gold pieces
 16321 | Lair:1   | Entered Level 1 of the Lair of Beasts
 16364 | Lair:1   | Reached XP level 12. HP: 92/112 MP: 21/21
 16391 | Lair:1   | Noticed a seven-headed hydra
 16660 | Lair:1   | Killed a seven-headed hydra
 17869 | Lair:1   | Identified the +0 ring mail of Fosas {rN+}
 18681 | Lair:2   | Reached skill level 1 in Shields
 19592 | Lair:2   | Found a staircase to the Shoals.
 20204 | Lair:2   | Reached skill level 12 in Axes
 20582 | Lair:2   | Noticed a four-headed hydra
 20690 | Lair:2   | Reached *** piety under Beogh
 20694 | Lair:2   | Found a staircase to the Snake Pit.
 20906 | Lair:2   | Identified the +11 spear "Mohef" {protect, Fragile rF++
                  | Str+8 Dex-3}
 21188 | Lair:2   | Reached skill level 13 in Axes
 21376 | Shoals:1 | Entered Level 1 of the Shoals
 21495 | Lair:3   | Noticed a death yak
 21495 | Lair:3   | Noticed a death yak
 21522 | Lair:3   | Noticed Amaemon
 21811 | Lair:3   | Reached XP level 13. HP: 122/122 MP: 19/23
 22105 | Lair:3   | Identified the +7 plate armour of Nemelex Xobeh {Dex+2}
 22203 | Lair:3   | Reached skill level 14 in Axes
 22296 | Lair:3   | Reached skill level 1 in Polearms
 22389 | Lair:3   | HP: 9/183 [poisoned by an orange demon]
 22391 | Lair:3   | HP: 4/183 [poisoned by an orange demon]
 22393 | Lair:3   | Succumbed to an orange demon's poison

Illustrated notes

Levels and vault maps discovered:
D:1:      ncdulo_lavacross, layout_basic, nicolae_figureground_pulse
D:2:      layout_loops_ring, shapermc_ecumenical_altar_flowoftime
D:3:      layout_loops_cross, serial_shops, shop_fountains, minmay_bisected
D:4:      layout_basic, mainiacjoe_overflow_alcove_2,
          minmay_temple_entry_drinking_statues, uniq_edmund
D:5:      layout_basic
D:6:      layout_loops_ring, nicolae_figureground_sparkle
D:7:      layout_loops_ring
D:8:      layout_cave_pools, slow_altar_1, minmay_misc_feat_roman,
          grunt_ministairs_13
D:9:      layout_long_grid, david_orc_4, serial_shops,
          nicolae_shop_hallway_plus, nicolae_elemental_shop, minivault_19,
          uniq_psyche
D:10:     layout_irregular_city, dreamdust_deal_with_the_devil,
          minmay_misc_feat_ornament, uniq_erica, uniq_josephine
D:11:     lemuel_insect_pit, layout_long_grid, minmay_lair_entry_grove,
          serial_shops, shop, nicolae_trove_entry_columns, minmay_misc_feat_iff
Lair:1:   layout_regular_city, st_stairs_4
Lair:2:   layout_regular_city, minmay_shoals_entry_centaurs,
          minmay_snake_entry_guardpost_medium, grunt_forest_large_clearings,
          lemuel_fruit_fields, serial_bayou_shore_b
Lair:3:   layout_roguey, forest_entry_grove, uniq_amaemon, uniq_sonja
Shoals:1: layout_shoals, nicolae_shoals_hidden_pirate_stash, uniq_nikola

Skill      XL: |  1  2  3  4  5  6  7  8  9 10 11 12 13 |
---------------+----------------------------------------+-----
Axes           | 5 6 8 9 11 13 14 | 14.1
Maces & Flails | 3 6 8 |  8.5
Armour         | 4 8 |  8.0
Invocations    | 6 8 12 13 | 13.5
Fighting       | 3 8 11 13 | 13.0
Shields        | 4 |  4.8
Polearms       | 4 |  4.2
Throwing       | |  1.7
Dodging        | |  2.4

Action                   |  1- 3 |  4- 6 |  7- 9 | 10-12 | 13-15 || total
-------------------------+-------+-------+-------+-------+-------++-------
Melee: War axe           |    81 |    53 |    66 |   597 |    64 ||   861
       Punch             |       |     1 |     1 |     5 |       ||     7
       Dire flail        |       |    26 |   240 |     2 |       ||   268
Throw: Throwing net      |       |     4 |       |       |       ||     4
       Javelin           |       |     2 |    18 |    35 |     1 ||    56
       Stone             |       |     1 |     1 |       |       ||     2
       Dart              |       |       |       |     6 |       ||     6
Invok: Convert to Beogh  |       |     1 |       |       |       ||     1
       Smiting           |       |       |       |    25 |       ||    25
Evoke: Tin of tremorston |       |       |       |     2 |       ||     2
       Wand              |       |       |       |     1 |       ||     1
  Use: Scroll            |     4 |     7 |     7 |    11 |     2 ||    31
       Potion            |       |     2 |     5 |     8 |     4 ||    19
 Stab: Held in net/web   |       |     2 |       |       |       ||     2
Armor: Leather armour    |    28 |       |       |       |       ||    28
       Ring mail         |     9 |    35 |     9 |       |       ||    53
       Chain mail        |       |       |   128 |       |       ||   128
       Skin              |       |       |    86 |       |       ||    86
       Plate armour      |       |       |    25 |   434 |    38 ||   497
Dodge: Dodged            |    62 |    49 |   147 |   275 |    15 ||   548
Block: Buckler           |       |       |       |    56 |    21 ||    77

Table legend: (Time is in decaauts)
 A = Elapsed time spent in this place.
 B = Non-inter-level travel time spent in this place.
 C = Inter-level travel time spent in this place.
 D = Time resting spent in this place.
 E = Time spent auto-exploring this place.
 F = Levels seen in this place.
 G = Mean time per level.
                   A        B        C        D        E       F      G
               +--------+--------+--------+--------+--------+-----+--------+
         Total |  22369 |  21516 |    853 |   8275 |   9803 |  15 | 1491.3 |
       Dungeon |  16557 |  15851 |    706 |   6215 |   7302 |  11 | 1505.2 |
          Lair |   5793 |   5646 |    147 |   2060 |   2501 |   3 | 1931.0 |
        Shoals |     19 |     19 |      0 |      0 |      0 |   1 |   19.0 |
               +--------+--------+--------+--------+--------+-----+--------+

Top non-repeatable levels by time:
  Lair:1: 2833 daAuts
     D:8: 2822 daAuts
  Lair:2: 2309 daAuts
     D:7: 2291 daAuts
    D:11: 2127 daAuts
     D:9: 1727 daAuts
    D:10: 1490 daAuts
     D:3: 1295 daAuts
     D:4: 1247 daAuts
     D:6: 994 daAuts
     D:5: 959 daAuts
     D:2: 810 daAuts
     D:1: 790 daAuts
  Lair:3: 650 daAuts
Shoals:1: 19 daAuts
